 Dungeon Crawl Stone Soup version 0.27.1-2-g3b301248ec (webtiles) character file.

Game seed: 17193331249941228547

132 worthlessgem the Slasher (level 5, 0/40 HPs)
             Began as a Djinni Warper on Sept 25, 2021.
             Killed from afar by Blork the orc (16 damage)
             ... with a puff of frost
             ... on level 3 of the Dungeon.
             The game lasted 00:24:19 (4485 turns).

worthlessgem the Slasher (Djinni Warper)            Turns: 4485, Time: 00:24:21

Health: 0/40       AC:  3    Str: 10    XL:     5   Next: 38%
Gold:   125        EV: 11    Int: 16    God:
                   SH:  0    Dex: 12

rFire    + + .     SeeInvis .   b - +0 hunting sling
rCold    x . .     Faith    .   (no shield)
rNeg     . . .     Spirit   .   j - +0 leather armour
rPois    ∞         Reflect  .   (no helmet)
rElec    .         Harm     .   (no cloak)
rCorr    .         Rampage  .   (no gloves)
Will     .....                  (boots unavailable)
Stlth    +.........             (no amulet)
HPRegen  0.13/turn              (no ring)
MPRegen  0.00/turn              (no ring)

@: flying, very slightly contaminated
A: sickness immunity, fire resistance 2, cold vulnerability 1, float, innate
caster, hp casting, extra vitality 1
a: no special abilities


You were on level 3 of the Dungeon.
You visited 1 branch of the dungeon, and saw 4 of its levels.

You collected 125 gold pieces.

Inventory:

Hand Weapons
 a - a +1 dagger of venom
 b - a +0 hunting sling (weapon)
 q - a +0 falchion
Missiles
 d - 5 boomerangs of dispersal
 e - 82 stones (quivered ammo)
 g - 7 atropa-tipped darts
 h - 14 poisoned darts
 t - 15 sling bullets
Armour
 j - a +0 leather armour (worn)
Jewellery
 l - an amulet of the acrobat
Wands
 p - a wand of charming (8)
Scrolls
 c - 2 scrolls of blinking
 i - a scroll of amnesia {unknown}
 k - a scroll of acquirement {unknown}
 r - a scroll of torment {unknown}
 u - a scroll of vulnerability {unknown}
 v - a scroll of holy word {unknown}
 w - 2 scrolls of teleportation {unknown}
Potions
 f - 2 potions of cancellation {unknown}
 m - a potion of flight {unknown}
 n - a potion of curing {unknown}
 o - a potion of degeneration {unknown}
 s - a potion of haste {unknown}


   Skills:
 + Level 2.8 Fighting
 + Level 0.0(1.9) Short Blades
 * Level 3.2 Long Blades
 + Level 1.2 Throwing
 - Level 1.0 Armour
 - Level 2.1 Dodging
 - Level 3.1 Spellcasting


You couldn't memorise any spells.
You knew the following spells:

 Your Spells              Type           Power      Damage    Failure   Level
a - Blink                 Tloc           N/A        N/A       11%         2
b - Lesser Beckoning      Tloc           6%         N/A       21%         3
c - Gell's Gravitas       Tloc           6%         N/A       21%         3
d - Teleport Other        Tloc           12%        N/A       21%         3
e - Manifold Assault      Tloc           12%        N/A       88%         5
f - Pain                  Necr           48%        1d6       7%          1
g - Wereblood             Tmut           12%        N/A       11%         2
Your spell library was empty.

Dungeon Overview and Level Annotations

Branches:
Dungeon (4/15)
 Temple: D:4-7

Altars:
Ru

Annotations:
D:3 Blork the orc


Innate Abilities, Weirdness & Mutations

You are immune to sickness and miasma.
You are immune to poison.
Your flesh is very heat resistant. (rF++)
You are vulnerable to cold. (rC-)
You float through the air rather than walking.
You learn spells naturally, not from books.
Your magical power is your life essence.
You have superior vitality. (+4 HP)


Message History

Reactivating autopickup.
There is a stone staircase leading down here.
There is a stone staircase leading down here.
You fly downwards.
Level annotation: Blork the orc
There is a stone staircase leading up here.
Blork the orc begins to cast a cantrip, but forgets the words!
You fly upwards.
There is a stone staircase leading down here.
Casting: Pain (safe; 7% risk of failure)
Confirm with . or Enter, or press ? or * to list all spells.
You blink.
Blork the orc gestures at you while chanting.
The puff of flame hits you. You resist.
Casting: Blink (safe; 11% risk of failure)
Confirm with . or Enter, or press ? or * to list all spells.
You blink.
Blork the orc points at you and mumbles some strange words.
The puff of frost hits you.
You feel a terrible chill!
Blork the orc looks angry.
Blork the orc gestures wildly while chanting.
Blork the orc seems to speed up.
Casting: Blink (safe; 11% risk of failure)
Confirm with . or Enter, or press ? or * to list all spells.
Okay, then.
Blork the orc points at you and mumbles some strange words.
The magic dart hits you.
Blork the orc points at you and mumbles some strange words.
The magic dart hits you!
Blork the orc gestures at you while chanting.
The puff of frost misses you.
Blork the orc grins evilly.
Casting: Blink (safe; 11% risk of failure)
Confirm with . or Enter, or press ? or * to list all spells.
You miscast Blink.
You are very lightly contaminated with residual magic.
Nothing appears to happen.
Blork the orc casts a spell at you. The puff of frost hits you!
You feel a terrible chill!
You die...

#.#.#.####.####.#.....##...
#...#.#.......#.#####......
##..#.#.##.##.#.# ####.##
#..#.#.#..[#.#.######...##
#........_.......#........
#.##.#.#...#.#.#.......#..
#.##.#.##.##.#.#####.#.#..
#..#.#..o....#.# #...#.#..
#o.#.####@####.# #.###^...
##..#...........###.# ###..
##...######.#######..#####..
#....# #.#####...##......
#.#..# #.................
##.#..# ############.###..
#..#..# #.# ### #.##..##
##.# #......#### #..#####


You could see Blork the orc (fast).

Vanquished Creatures
  Terence (D:2)
  An orc wizard (D:3)
  An adder (D:2)
  A worm (D:2)
  A dart slug (D:2)
  3 orcs
  4 endoplasms
  3 giant cockroaches (D:2)
  8 goblins
  5 hobgoblins
  10 kobolds
  2 quokkas
  5 ball pythons
  4 bats
  10 rats
59 creatures vanquished.

Vanquished Creatures (others)
  2 fungi (D:2)
  A plant (D:2)
3 creatures vanquished.

Grand Total: 62 creatures vanquished

Notes
Turn   | Place    | Note
-------+----------+-------------------------------------------
     0 | D:1      | worthlessgem the Djinni Warper began the quest for the Orb.
     0 | D:1      | Reached XP level 1. HP: 18/18 MP: 0/0
   260 | D:1      | Reached XP level 2. HP: 18/23 MP: 0/0
   944 | D:1      | Reached XP level 3. HP: 27/28 MP: 0/0
   944 | D:1      | Learned a level 1 spell: Pain
  1122 | D:1      | You are sucked into a shaft and drop 1 floor!
  1651 | D:2      | Reached XP level 4. HP: 27/33 MP: 0/0
  1814 | D:2      | Found a faded altar of an unknown god.
  2745 | D:3      | Noticed Terence
  2931 | D:2      | Killed Terence
  2932 | D:2      | Reached skill level 1 in Throwing
  3331 | D:3      | Reached XP level 5. HP: 35/39 MP: 0/0
  3331 | D:3      | Learned a level 2 spell: Wereblood
  3994 | D:3      | Found a sacrificial altar of Ru.
  4305 | D:4      | Noticed Blork the orc
  4485 | D:3      | Killed from afar by Blork the orc

Illustrated notes

Levels and vault maps discovered:
D:1:      amcnicky_arrival_single_pillar, layout_basic
D:2:      layout_basic, shapermc_ecumenical_altar_rom_forum,
          grunt_ministairs_10, kennysheep_potato
D:3:      layout_rooms, nicolae_ru_sacrificial_ziggurat,
          corexii_item_surrounded_by_moat, uniq_terence
D:4:      layout_loops_ring, nicolae_overflow_hidden_temple, serial_shops,
          nicolae_lakefront_shop, uniq_ijyb, uniq_blork_the_orc, uniq_robin

Skill      XL: |  1  2  3  4 |
---------------+-------------+-----
Spellcasting   | 3 |  3.1
Long Blades    | 2 3 |  3.2
Throwing       | 1 |  1.2
Fighting       | |  2.8
Armour         | |  1.0
Dodging        | |  2.1

Action                   |  1- 3 |  4- 6 || total
-------------------------+-------+-------++-------
Melee: Falchion          |    82 |    39 ||   121
       Dagger            |       |     3 ||     3
 Fire: Hunting sling     |       |    65 ||    65
Throw: Stone             |     1 |       ||     1
 Cast: Pain              |    11 |    21 ||    32
       Blink             |       |     7 ||     7
Armor: Leather armour    |    30 |    19 ||    49
Dodge: Dodged            |    70 |    28 ||    98
       Rpst.: Falchion   |    23 |     3 ||    26
